 Dungeon Crawl Stone Soup version 0.30-a0-964-gd452b5e7fa (webtiles) character file.

Game seed: 9192670546684344515

28 vishdafish the Conjurer (level 3, 24/24 HPs)
             Began as a Demonspawn Conjurer on Mar 30, 2023.
             Quit the game on level 2 of the Dungeon.
             The game lasted 00:01:04 (1563 turns).

vishdafish the Conjurer (Demonspawn Conjurer)       Turns: 1563, Time: 00:01:05

Health: 24/24      AC:  4    Str:  7    XL:     3   Next: 0%
Magic:  7/7        EV: 12    Int: 21    God:
Gold:   85         SH:  0    Dex: 11    Spells: 6/7 levels left

rFire   . . .      SeeInvis .    (no weapon)
rCold   . . .      Faith    .    (no shield)
rNeg    . . .      Spirit   .    a - +0 robe
rPois   .          Reflect  .    (no helmet)
rElec   .          Rampage  .    (no cloak)
rCorr   .                        (no gloves)
Will    .....                    (no boots)
Stlth   ++                       (no amulet)
HPRegen 0.24/turn                (no ring)
MPRegen 0.10/turn                (no ring)

@: no status effects
A: icy blue scales 1, spiny 1
a: no special abilities


You were on level 2 of the Dungeon.
You visited 1 branch of the dungeon, and saw 2 of its levels.

You collected 85 gold pieces.

Inventory:

Armour
 a - a +0 robe (worn)
Jewellery
 k - an amulet of the acrobat
Scrolls
 e - a scroll of fear {unknown}
 f - 2 scrolls of fog {unknown}
 j - 2 scrolls of identify {unknown}
 l - a scroll of vulnerability {unknown}
Potions
 b - 2 potions of magic
 c - a potion of lignification {unknown}
 d - 2 potions of attraction {unknown}
 g - a potion of degeneration {unknown}
 h - 2 potions of curing {unknown}
 i - a potion of heal wounds {unknown}
 m - a potion of berserk rage {unknown}
 n - a potion of mutation {unknown}


   Skills:
 - Level 1.7 Dodging
 - Level 1.7 Stealth
 + Level 2.7 Spellcasting
 + Level 4.5 Conjurations


You had 6 spell levels left.
You knew the following spells:

 Your Spells              Type           Power      Damage    Failure   Level
a - Magic Dart            Conj           84%        1d7       2%          1

Your spell library contained the following spells:

 Spells                   Type           Power      Damage    Failure   Level
 Searing Ray              Conj           42%        2d6       3%          2
 Dazzling Flash           Conj/Hex       24%        N/A       16%         3
 Sublimation of Blood     Necr           2%         N/A       21%         2
 Wereblood                Tmut           2%         N/A       21%         2
 Fulminant Prism          Conj/Hex       6%         3d6       47%         4
 Iskenderun's Mystic Bla  Conj/Tloc      12%        2d5       47%         4
 Summon Hydra             Summ           1%         N/A       100%        7


Dungeon Overview and Level Annotations

Branches:
Dungeon (2/15)

Altars:
Fedhas


Innate Abilities, Weirdness & Mutations

You are partially covered in icy blue scales. (AC +2)
You are partially covered in sharp spines.


Message History

The magic dart hits the dart slug.
The dart slug is severely wounded.
The magic dart hits the dart slug.
The dart slug is almost dead.
The dart slug launches a dart at you. The slug dart hits you.
The magic dart hits the dart slug.
You kill the dart slug!
You can't see any susceptible monsters within range! (Use Z to cast anyway.)
You can't see any susceptible monsters within range! (Use Z to cast anyway.)
A hobgoblin comes into view.
A hobgoblin is nearby!
A hobgoblin is nearby!
The magic dart hits the hobgoblin but does no damage.
The magic dart hits the hobgoblin but does no damage.
The magic dart hits the hobgoblin.
The hobgoblin is heavily wounded.
The magic dart hits the hobgoblin.
You kill the hobgoblin!
You can't see any susceptible monsters within range! (Use Z to cast anyway.)
h - 2 golden potions (gained 1)
j - 2 scrolls labelled WESKYUFAN (gained 1)
You see here a dart slug corpse.
n - a fuming dark potion You see here a hobgoblin corpse.
A hobgoblin comes into view.
The hobgoblin shouts!
You hear an angry hiss.
A hobgoblin is nearby!
The magic dart hits the hobgoblin.
You kill the hobgoblin!
A frilled lizard comes into view.
The magic dart hits the frilled lizard.
You kill the frilled lizard!
You have reached level 3!
Your experience leads to an increase in your attributes!
Increase (S)trength, (I)ntelligence, or (D)exterity?
You feel clever. x2; Your demonic ancestry asserts itself...
Sharp spines emerge from parts of your body.
Found a blossoming altar of Fedhas.
Are you sure you want to abandon this character and quit the game? (Confirm with "yes".)

###.##.......#
#...##.#####
###.......##
########.##..#
.........###.###
......####
#...### .†###.#
###...# ....#.#
###.# #.#...#
#@# #.#.###
#...._..# #.#.#
##....... #.#.#
....... #.#.#
###.... #.#.#
###### ####
#.#.# #...<#
#.#.# #.####
....###.#


There were no monsters in sight!

Vanquished Creatures
  3 dart slugs (D:2)
  An endoplasm (D:1)
  2 giant cockroaches
  7 hobgoblins
  2 quokkas
  A ball python (D:1)
  A bat (D:1)
  2 frilled lizards
  A rat (D:2)
20 creatures vanquished.

Notes
Turn   | Place    | Note
-------+----------+-------------------------------------------
     0 | D:1      | vishdafish the Demonspawn Conjurer began the quest for the
                  | Orb.
     0 | D:1      | Reached XP level 1. HP: 13/13 MP: 3/3
   658 | D:1      | Gained mutation: You are partially covered in icy blue
                  | scales. (AC +2) [demonic ancestry]
   658 | D:1      | Reached XP level 2. HP: 19/19 MP: 3/5
  1508 | D:2      | Gained mutation: You are partially covered in sharp spines.
                  | [demonic ancestry]
  1508 | D:2      | Reached XP level 3. HP: 24/24 MP: 4/7
  1562 | D:2      | Found a blossoming altar of Fedhas.
  1563 | D:2      | Quit the game

Illustrated notes

Levels and vault maps discovered:
D:1:      minmay_arrival_semitransparent, layout_loops_corners,
          corexii_leaking_fountain
D:2:      layout_basic, basic_altar, chequers_mini_garden

Action                     || total
---------------------------++-------
  Melee: Unarmed           ||    13
         Punch             ||     1
   Cast: Magic Dart        ||    50
 Armour: Robe              ||     1
  Dodge: Dodged            ||    11

Table legend: (Time is in decaauts)
 A = Elapsed time spent in this place.
 B = Non-inter-level travel time spent in this place.
 C = Inter-level travel time spent in this place.
 D = Time resting spent in this place.
 E = Time spent auto-exploring this place.
 F = Levels seen in this place.
 G = Mean time per level.
                   A        B        C        D        E       F      G
               +--------+--------+--------+--------+--------+-----+--------+
         Total |   1562 |   1521 |     41 |      0 |   1401 |   2 |  781.0 |
       Dungeon |   1562 |   1521 |     41 |      0 |   1401 |   2 |  781.0 |
               +--------+--------+--------+--------+--------+-----+--------+

Top non-repeatable levels by time:
     D:1: 1037 daAuts
     D:2: 525 daAuts
